Arabia
510210935Analyzed1v1 RM
·
2d ago on Sep 30, 2026·
41m 28s·
2 players
Game mode
Random Map
Map size
Tiny (2 player)
Population
200
Speed
Normal
Resources
Standard
Victory
Conquest
Starting age
Dark Age
Ending age
Imperial Age
RankedLock teamsTeams togetherTeam positionsShared explorationLock speedFull tech treeHidden civsTurbo modeCheats
Victory
Defeat
Replay analysis
ReaperAOE2
6:37
Loom
9:14
Feudal Age
9:58
Double-Bit Axe
15:03
Arson
20:58
Castle Age
19:25
Horse Collar
20:13
Scale Mail Armor
21:04
Forging
21:57
Chain Mail Armor
24:03
Squires
26:38
Iron Casting
29:31
Gold Mining
29:44
Heavy Plow
31:39
Wheelbarrow
31:32
Town Watch
36:09
First Crusade
39:12
Imperial Age
37:49
Fletching
39:21
Elite Serjeant
40:45
Plate Mail Armor
41:29
Conscription
42:17
Blast Furnace
I Love Boobs
9:22
Feudal Age
8:01
Loom
9:53
Double-Bit Axe
15:25
Castle Age
15:44
Town Watch
16:15
Bow Saw
22:34
Fletching
24:45
Scale Mail Armor
26:17
Forging
30:52
Scale Mail Armor
36:06
Horse Collar
40:27
Imperial Age